 Dungeon Crawl Stone Soup version 0.26-a0-835-g8259106e14 (webtiles) character file.

Game seed: 18280475921038122032

185 pablito the Insei (level 5, 0/33 HPs)
             Began as an Octopode Transmuter on Nov 17, 2020.
             Slain by a yak (4 damage)
             ... on level 4 of the Dungeon.
             The game lasted 00:18:35 (3947 turns).

pablito the Insei (Octopode Transmuter)             Turns: 3947, Time: 00:18:36

Health: 0/33       AC:  3    Str:  9    XL:     5   Next: 64%
Magic:  8/8        EV: 18    Int: 16    God:
Gold:   242        SH:  0    Dex: 13    Spells: 6/9 levels left

rFire    + . .     SeeInvis .     - Unarmed
rCold    x . .     Faith    +   (no shield)
rNeg     . . .     Spirit   .   g - +2 hat
rPois    .         Reflect  .   n - amulet of faith
rElec    .         Harm     .   l - +4 ring of evasion
rCorr    .         Rampage  .   r - ring of fire
MR       .....                  (no ring)
Stlth    ++........             (no ring)
HPRegen  0.11/turn              (no ring)
MPRegen  0.11/turn              (no ring)
                                (no ring)
                                (no ring)

@: no status effects
A: almost no armour, stealthy swim, amphibious, 8 rings, constrict 8, camouflage
1, gelatinous body 1
a: no special abilities


You were on level 4 of the Dungeon.
You visited 1 branch of the dungeon, and saw 4 of its levels.

You collected 242 gold pieces.

Inventory:

Hand Weapons
 a - a +0 dagger
Missiles
 c - 2 throwing nets (quivered)
Armour
 g - a +2 hat (worn)
Jewellery
 l - a +4 ring of evasion (left tentacle)
 n - an amulet of faith (around mantle)
 r - a ring of fire (right tentacle)
Wands
 u - a wand of iceblast (11)
Scrolls
 d - 2 scrolls of teleportation {unknown}
 e - 4 scrolls of remove curse {unknown}
 f - 2 scrolls of immolation
 j - 2 scrolls of identify {unknown}
 m - 2 scrolls of enchant armour {unknown}
 o - a scroll of blinking {unknown}
 p - 2 scrolls of random uselessness {unknown}
 q - a scroll of enchant weapon {unknown}
 s - a scroll of amnesia {unknown}
 t - a scroll of magic mapping {unknown}
Potions
 b - 2 potions of flight
 h - a potion of heal wounds {unknown}
 i - a potion of cancellation
 k - a potion of ambrosia {unknown}
 v - a potion of resistance {unknown}
 w - a potion of brilliance {unknown}


   Skills:
 - Level 1.0 Fighting
 + Level 2.5 Dodging
 + Level 5.3 Unarmed Combat
 + Level 2.5 Spellcasting
 + Level 2.5 Transmutations


You had 6 spell levels left.
You knew the following spells:

 Your Spells              Type           Power        Failure   Level
a - Beastly Appendage     Tmut           ##....       7%          1
b - Wereblood             Tmut           ##......     11%         2

Your spell library contained the following spells:

 Spells                   Type           Power        Failure   Level
 Spider Form              Tmut/Pois      #.........   34%         3
 Ice Form                 Ice/Tmut       #.......     75%         4
 Blade Hands              Tmut           ##........   88%         5


Dungeon Overview and Level Annotations

Branches:
Dungeon (4/15)             Temple (0/1) D:4

Altars:
Ashenzari
Fedhas
Vehumet

Shops:
D:4 }

Annotations:
D:4 Dowan, Duvessa


Innate Abilities, Weirdness & Mutations

You cannot wear most types of armour.
You are very stealthy in the water. (Stealth+)
You are amphibious.
You can wear up to eight rings at the same time.
You can use your tentacles to constrict eight enemies at once.
Your skin changes colour to match your surroundings (Stealth+).
Your rubbery body absorbs attacks. (AC +1, EV +1)


Message History

The yak gores you!
* * * LOW HITPOINT WARNING * * *
You tentacle-slap the yak.
The yak is lightly wounded.
The yak closely misses you.
It was a potion of flight.
You feel very buoyant.
You fly up into the air.
It was a potion of cancellation.
Your magical effects are unravelling.
You feel magically purged.
You float gracefully downwards.
The yak closely misses you. The yak closely misses you.
Casting: Beastly Appendage (safe; 7% risk of failure)
Confirm with . or Enter, or press ? or * to list all spells.
Okay, then.
Evoke which item? (* to show all) (? for menu, Esc to quit)
Okay, then.
You open the door. The yak gores you.
You die...

#.............#
##....†......#
#............#
#............#
#...[........#
####
#............####
<....
#.#####.#.......#
......##Y#
#..#.#####.#
......'@.#
#####+#^..#∩#
......####
#.Y.......#.#
.....
YY.......#.# ##+#
........#.#
.......#Y#
$.....#.#
#'#+#.#.#
#Y#.....# #
#.###.###


You could see a yak.

Vanquished Creatures
  A howler monkey (D:4)
  A hound skeleton (D:4)
  4 adders
  2 oozes
  A worm (D:3)
  2 dart slugs
  3 leopard geckos
  5 orcs
  6 giant cockroaches
  7 goblins
  8 hobgoblins
  8 jackals
  A quokka (D:3)
  A ball python (D:3)
  6 bats
  8 kobolds
  5 rats
69 creatures vanquished.

Vanquished Creatures (others)
  2 plants (D:2)
2 creatures vanquished.

Grand Total: 71 creatures vanquished

Notes
Turn   | Place    | Note
-------+----------+-------------------------------------------
     0 | D:1      | pablito the Octopode Transmuter began the quest for the
                  | Orb.
     0 | D:1      | Reached XP level 1. HP: 13/13 MP: 3/3
    81 | D:1      | Reached XP level 2. HP: 15/18 MP: 3/5
    91 | D:1      | Learned a level 2 spell: Wereblood
   361 | D:1      | Reached skill level 4 in Unarmed Combat
   501 | D:1      | Reached XP level 3. HP: 16/23 MP: 4/6
  1224 | D:1      | HP: 1/23 [jackal (1)]
  1927 | D:2      | Reached XP level 4. HP: 28/28 MP: 7/7
  2045 | D:2      | Found a blossoming altar of Fedhas.
  2079 | D:2      | Reached skill level 5 in Unarmed Combat
  2189 | D:2      | Found a radiant altar of Vehumet.
  2308 | D:2      | Found a broken altar of Ashenzari.
  2897 | D:3      | Reached XP level 5. HP: 31/33 MP: 8/8
  3650 | D:4      | Found a staircase to the Ecumenical Temple.
  3745 | D:4      | Noticed Duvessa
  3745 | D:4      | Noticed Dowan
  3889 | D:4      | Noticed a yak
  3889 | D:4      | Noticed a yak
  3889 | D:4      | Noticed a yak
  3889 | D:4      | Noticed a yak
  3904 | D:4      | Found Osonuch's Gadget Boutique.
  3947 | D:4      | Slain by a yak

Illustrated notes

Levels and vault maps discovered:
D:1:      minmay_arrival_loop, layout_basic, serial_glass, glass_columns_b,
          glass_columns_b, serial_park_tiny_1
D:2:      layout_basic, ashenzari_conservatory_becter, vehumet_crystals,
          grunt_decor_fettered, fedhas_ov_isle_minmay
D:3:      minmay_general_purpose_star, layout_basic, bh_walls_and_bars
D:4:      layout_basic, minmay_temple_entry_mini_moons, portal_sewer_entry_b,
          serial_shops, shop, uniq_duvessa, uniq_blork_the_orc

Skill      XL: |  1  2  3  4 |
---------------+-------------+-----
Unarmed Combat | 4 5 |  5.3
Fighting       | |  1.0
Dodging        | |  2.5
Spellcasting   | |  2.5
Transmutations | |  2.5

Action                   |  1- 3 |  4- 6 || total
-------------------------+-------+-------++-------
Melee: Unarmed           |    94 |    72 ||   166
       Constrict         |    30 |    19 ||    49
       Kick              |    11 |     9 ||    20
       Tentacles         |    14 |    14 ||    28
       Punch             |     5 |     1 ||     6
       Dagger            |     1 |       ||     1
 Cast: Beastly Appendage |     9 |     5 ||    14
       Wereblood         |     3 |       ||     3
  Use: Scroll            |     1 |       ||     1
       Potion            |       |     2 ||     2
 Stab: Sleeping          |     2 |     7 ||     9
Armor: Skin              |    22 |     3 ||    25
Dodge: Dodged            |    97 |    43 ||   140

Table legend: (Time is in decaauts)
 A = Elapsed time spent in this place.
 B = Non-inter-level travel time spent in this place.
 C = Inter-level travel time spent in this place.
 D = Time resting spent in this place.
 E = Time spent auto-exploring this place.
 F = Levels seen in this place.
 G = Mean time per level.
                   A        B        C        D        E       F      G
               +--------+--------+--------+--------+--------+-----+--------+
         Total |   3932 |   3743 |    189 |    304 |   2568 |   4 |  983.0 |
       Dungeon |   3932 |   3743 |    189 |    304 |   2568 |   4 |  983.0 |
               +--------+--------+--------+--------+--------+-----+--------+

Top non-repeatable levels by time:
     D:1: 1522 daAuts
     D:3: 1094 daAuts
     D:2: 964 daAuts
     D:4: 352 daAuts
